PCL
SAN JOSE MISSIONS @ SANTA MONICA BRUINS
06/17/2029
 
TOP OF THE 1ST
San Jose Missions batting - Pitching for Santa Monica Bruins : RHP Armand Calazzo
Pitching: RHP Armand Calazzo
Batting: LHB Pedro Ramos 0-0: Ball
1-0: Called Strike
1-1: Swinging Strike
1-2: Ball
2-2: Foul Ball, location: 2F
2-2: Strikes out looking
Batting: LHB Phil Cantrell 0-0: Ground out 3-1 (Groundball, 34S)
Batting: RHB Peter Bishop 0-0: Ball
1-0: Ball
2-0: Ball
3-0: Called Strike
3-1: Foul Ball, location: 2F
3-2: Foul Ball, location: 2F
3-2: Base on Balls
Batting: RHB Dale Taylor 0-0: Called Strike
0-1: Ball
1-1: Swinging Strike
Passed Ball!
Peter Bishop to second
1-2: Strikes out swinging
Top of the 1st over - 0 runs, 0 hits, 0 errors, 1 left on base; San Jose 0 - Santa Monica 0
BOTTOM OF THE 1ST
Santa Monica Bruins batting - Pitching for San Jose Missions : LHP Octávio Pérez
Pitching: LHP Octávio Pérez
Batting: RHB Javier González 0-0: Ball
1-0: Foul Ball, location: 2F
1-1: Called Strike
1-2: Fly out, F7 (Flyball, 7LS)
Batting: LHB Ramiro Martínez 0-0: Foul Ball, location: 2F
0-1: Called Strike
0-2: Ball
1-2: Ball
2-2: Foul Ball, location: 2F
2-2: Strikes out swinging
Batting: RHB Griswold Coleman 0-0: Called Strike
0-1: Ball
1-1: Ground out 5-3 (Groundball, 56)
Bottom of the 1st over - 0 runs, 0 hits, 0 errors, 0 left on base; San Jose 0 - Santa Monica 0
TOP OF THE 2ND
San Jose Missions batting - Pitching for Santa Monica Bruins : RHP Armand Calazzo
Batting: SHB Ángel González 0-0: Ball
1-0: Foul Ball, location: 2F
1-1: Ball
2-1: SOLO HOME RUN (Flyball, 7LD), Distance : 350 ft
Batting: LHB Mel Jones 0-0: Called Strike
0-1: Ball
1-1: Ball
2-1: Swinging Strike
2-2: Ball
3-2: Strikes out swinging
Batting: RHB Jorge Díaz 0-0: Called Strike
0-1: Ball
1-1: Ball
2-1: Swinging Strike
2-2: Strikes out swinging
Batting: LHB Alberto Gómez 0-0: Ball
1-0: Ball
2-0: Ball
3-0: Base on Balls
Batting: RHB José Ramos 0-0: Called Strike
0-1: Ball
1-1: DOUBLE (Line Drive, 3D)
Alberto Gómez to third
Runner from 3rd tries for Home, SAFE, no throw
Batting: LHB Pedro Ramos 0-0: Foul Ball, location: 2F
0-1: Foul Ball, location: 2F
0-2: Foul Ball, location: 2F
0-2: Ball
1-2: Foul Ball, location: 2F
1-2: Strikes out swinging
Top of the 2nd over - 2 runs, 2 hits, 0 errors, 1 left on base; San Jose 2 - Santa Monica 0
BOTTOM OF THE 2ND
Santa Monica Bruins batting - Pitching for San Jose Missions : LHP Octávio Pérez
Batting: RHB Pablo Peña 0-0: Ball
1-0: Ball
2-0: Called Strike
2-1: Reached on error, E6 (Groundball, 56D)
Batting: RHB Eugenio Lucero 0-0: Ball
1-0: Ball
2-0: Called Strike
2-1: Fly out, F9 (Flyball, 9D)
Batting: RHB John Nelson 0-0: Called Strike
0-1: Grounds into double play, 4-6-3 (Groundball, 4D)
Bottom of the 2nd over - 0 runs, 0 hits, 1 error, 0 left on base; San Jose 2 - Santa Monica 0
TOP OF THE 3RD
San Jose Missions batting - Pitching for Santa Monica Bruins : RHP Armand Calazzo
Batting: LHB Phil Cantrell 0-0: Called Strike
0-1: Swinging Strike
0-2: Ball
1-2: Foul Ball, location: 2F
1-2: Ball
2-2: Foul Ball, location: 2F
2-2: Strikes out swinging
Batting: RHB Peter Bishop 0-0: Ball
1-0: SINGLE (Groundball, 56S) (infield hit)
Batting: RHB Dale Taylor 0-0: Ball
1-0: Swinging Strike
1-1: Ball
2-1: SINGLE (Groundball, 6D)
Peter Bishop to second
Batting: SHB Ángel González 0-0: Called Strike
0-1: Ball
1-1: Called Strike
1-2: Strikes out swinging
Batting: LHB Mel Jones 0-0: Ground out 3-1 (Groundball, 34)
Top of the 3rd over - 0 runs, 2 hits, 0 errors, 2 left on base; San Jose 2 - Santa Monica 0
BOTTOM OF THE 3RD
Santa Monica Bruins batting - Pitching for San Jose Missions : LHP Octávio Pérez
Batting: LHB Ken Phillips 0-0: Ground out 4-3 (Groundball, 4)
Batting: LHB Ethan Shaw 0-0: Foul Ball, location: 2F
0-1: Ground out 4-3 (Groundball, 4)
Batting: LHB Arthur MacDonald 0-0: Ball
1-0: Ball
2-0: Foul Ball, location: 2F
2-1: Ball
3-1: Fly out, F3 (Line Drive, 3S)
Bottom of the 3rd over - 0 runs, 0 hits, 0 errors, 0 left on base; San Jose 2 - Santa Monica 0
TOP OF THE 4TH
San Jose Missions batting - Pitching for Santa Monica Bruins : RHP Armand Calazzo
Batting: RHB Jorge Díaz 0-0: Ball
1-0: Single, Error in OF, E7, batter to second base
Batting: LHB Alberto Gómez 0-0: Ball
1-0: Called Strike
1-1: Called Strike
1-2: Strikes out swinging
Batting: RHB José Ramos 0-0: Swinging Strike
0-1: Called Strike
0-2: Ball
1-2: Foul Ball, location: 2F
1-2: Ball
2-2: Ball
3-2: Strikes out swinging
Batting: LHB Pedro Ramos 0-0: Called Strike
0-1: Ball
1-1: Swinging Strike
1-2: Ball
2-2: Foul Ball, location: 2F
2-2: Ball
3-2: Base on Balls
Batting: LHB Phil Cantrell 0-0: Ball
1-0: Ball
2-0: Called Strike
2-1: Ball
3-1: Foul Ball, location: 2F
3-2: Foul Ball, location: 2F
3-2: Base on Balls
Jorge Díaz to third
Pedro Ramos to second
Batting: RHB Peter Bishop 0-0: Swinging Strike
0-1: Foul Ball, location: 2F
0-2: Ball
1-2: Foul Ball, location: 2F
1-2: Strikes out looking
Top of the 4th over - 0 runs, 1 hit, 1 error, 3 left on base; San Jose 2 - Santa Monica 0
BOTTOM OF THE 4TH
Santa Monica Bruins batting - Pitching for San Jose Missions : LHP Octávio Pérez
Batting: RHB Javier González 0-0: Foul Ball, location: 2F
0-1: Called Strike
0-2: Foul Ball, location: 2F
0-2: Ball
1-2: Foul Ball, location: 2F
1-2: Foul Ball, location: 2F
1-2: Foul Ball, location: 2F
1-2: Ball
2-2: Ball
3-2: Foul Ball, location: 2F
3-2: Base on Balls
Batting: LHB Ramiro Martínez 0-0: Ball
1-0: Foul Ball, location: 2F
1-1: Ball
2-1: Ball
3-1: Foul Ball, location: 2F
3-2: DOUBLE (Flyball, 89D)
Javier González to third
Batting: RHB Griswold Coleman 0-0: Foul Ball, location: 2F
0-1: Foul Ball, location: 2F
0-2: 3-RUN HOME RUN (Flyball, 9D), Distance : 368 ft
Batting: RHB Pablo Peña 0-0: Ball
1-0: Ball
2-0: Foul Ball, location: 2F
2-1: SOLO HOME RUN (Flyball, 7D), Distance : 366 ft
Batting: RHB Eugenio Lucero 0-0: Ball
1-0: Foul Ball, location: 2F
1-1: Ball
2-1: Ball
3-1: Foul Ball, location: 2F
3-2: Base on Balls
Batting: RHB John Nelson 0-0: SINGLE (Line Drive, 4MD)
Eugenio Lucero to second
Batting: LHB Ken Phillips 0-0: Called Strike
0-1: Swinging Strike
0-2: Ball
1-2: Fielders Choice at 2nd, 4-6 (Groundball, 4)
Eugenio Lucero to third
Batting: LHB Ethan Shaw 0-0: Ball
1-0: Foul Ball, location: 2F
1-1: Ball
2-1: Ball
3-1: Base on Balls
Ken Phillips to second
Batting: LHB Arthur MacDonald 0-0: Ball
1-0: Ground out 4-3 (Groundball, 4S)
Eugenio Lucero scores
Ken Phillips to third
Ethan Shaw to second
Batting: RHB Javier González 0-0: Ball
1-0: Called Strike
1-1: Ball
2-1: Fly out, F4 (Line Drive, 4)
Bottom of the 4th over - 5 runs, 4 hits, 0 errors, 2 left on base; San Jose 2 - Santa Monica 5
TOP OF THE 5TH
San Jose Missions batting - Pitching for Santa Monica Bruins : RHP Armand Calazzo
Pitching: RHP Rick Hernández
Batting: RHB Dale Taylor 0-0: Foul Ball, location: 2F
0-1: Called Strike
0-2: Ball
1-2: Strikes out swinging
Batting: SHB Ángel González 0-0: Called Strike
0-1: Foul Ball, location: 2F
0-2: Strikes out swinging
Batting: LHB Mel Jones 0-0: Foul Ball, location: 2F
0-1: Ball
1-1: Swinging Strike
1-2: Ball
2-2: Ground out U3 (Groundball, 3)
Top of the 5th over - 0 runs, 0 hits, 0 errors, 0 left on base; San Jose 2 - Santa Monica 5
BOTTOM OF THE 5TH
Santa Monica Bruins batting - Pitching for San Jose Missions : LHP Octávio Pérez
Batting: LHB Ramiro Martínez 0-0: SOLO HOME RUN (Flyball, 9LD), Distance : 342 ft
Batting: RHB Griswold Coleman 0-0: Called Strike
0-1: Ball
1-1: Ball
2-1: Fly out, F8 (Flyball, 8RXD)
Batting: RHB Pablo Peña 0-0: Called Strike
0-1: Called Strike
0-2: Foul Ball, location: 2F
0-2: Ball
1-2: Ground out 6-3 (Groundball, 6)
Batting: RHB Eugenio Lucero 0-0: Ball
1-0: Ball
2-0: Swinging Strike
2-1: Ball
3-1: Base on Balls
Pitching: RHP José Reyes
Batting: RHB John Nelson 0-0: Ball
1-0: Called Strike
1-1: Ball
2-1: SINGLE (Flyball, 89S)
Eugenio Lucero to second
Runner from 2nd tries for 3rd, SAFE, no throw
Batting: LHB Ken Phillips 0-0: Foul Ball, location: 2F
0-1: Ball
1-1: Foul Ball, location: 2F
1-2: Ball
2-2: Foul Ball, location: 2F
2-2: Strikes out looking
Bottom of the 5th over - 1 run, 2 hits, 0 errors, 2 left on base; San Jose 2 - Santa Monica 6
TOP OF THE 6TH
San Jose Missions batting - Pitching for Santa Monica Bruins : RHP Rick Hernández
Batting: RHB Jorge Díaz 0-0: Ball
1-0: Ball
2-0: Foul Ball, location: 2F
2-1: Ground out 6-3 (Groundball, 6)
Batting: LHB Alberto Gómez 0-0: Called Strike
0-1: Called Strike
0-2: Ball
1-2: Ball
2-2: Strikes out looking
Batting: RHB José Ramos 0-0: Called Strike
0-1: Ball
1-1: Hit by Pitch
Batting: LHB Pedro Ramos 0-0: Ball
1-0: Foul Ball, location: 2F
1-1: Ball
2-1: Foul Ball, location: 2F
2-2: Foul Ball, location: 2F
2-2: Fly out, F9 (Flyball, 9LS)
Top of the 6th over - 0 runs, 0 hits, 0 errors, 1 left on base; San Jose 2 - Santa Monica 6
BOTTOM OF THE 6TH
Santa Monica Bruins batting - Pitching for San Jose Missions : RHP José Reyes
Batting: LHB Ethan Shaw 0-0: Ground out 5-3 (Groundball, 2L)
Batting: LHB Arthur MacDonald 0-0: Called Strike
0-1: Foul Ball, location: 2F
0-2: Foul Ball, location: 2F
0-2: Ball
1-2: Foul Ball, location: 2F
1-2: Ground out 5-3 (Groundball, 56)
Batting: RHB Javier González 0-0: Called Strike
0-1: Ball
1-1: Foul Ball, location: 2F
1-2: Ground out U3 (Groundball, 34)
Bottom of the 6th over - 0 runs, 0 hits, 0 errors, 0 left on base; San Jose 2 - Santa Monica 6
TOP OF THE 7TH
San Jose Missions batting - Pitching for Santa Monica Bruins : RHP Rick Hernández
Batting: LHB Phil Cantrell 0-0: Called Strike
0-1: Foul Ball, location: 2F
0-2: Strikes out swinging
Batting: RHB Peter Bishop 0-0: Fly out, F8 (Flyball, 89XD)
Batting: RHB Dale Taylor 0-0: Foul Ball, location: 2F
0-1: Foul Ball, location: 2F
0-2: Ball
1-2: Ball
2-2: Foul Ball, location: 2F
2-2: Foul Ball, location: 2F
2-2: Ball
3-2: Foul Ball, location: 2F
3-2: SINGLE (Line Drive, 34)
Batting: SHB Ángel González 0-0: Fly out, F9 (Flyball, 9S)
Top of the 7th over - 0 runs, 1 hit, 0 errors, 1 left on base; San Jose 2 - Santa Monica 6
BOTTOM OF THE 7TH
Santa Monica Bruins batting - Pitching for San Jose Missions : RHP José Reyes
Batting: LHB Ramiro Martínez 0-0: Ball
1-0: Swinging Strike
1-1: Ball
2-1: Called Strike
2-2: Foul Ball, location: 2F
2-2: Ground out 6-3 (Groundball, 6M)
Batting: RHB Griswold Coleman 0-0: Ball
1-0: Swinging Strike
1-1: Called Strike
1-2: Ball
2-2: Ball
3-2: Strikes out swinging
Batting: RHB Pablo Peña 0-0: Called Strike
0-1: SOLO HOME RUN (Flyball, 7D), Distance : 355 ft
Batting: RHB Eugenio Lucero 0-0: SINGLE (Line Drive, 78S)
Batting: RHB John Nelson Pickoff Throw to First - Out!
Bottom of the 7th over - 1 run, 2 hits, 0 errors, 0 left on base; San Jose 2 - Santa Monica 7
TOP OF THE 8TH
San Jose Missions batting - Pitching for Santa Monica Bruins : RHP Rick Hernández
Batting: LHB Mel Jones 0-0: Called Strike
0-1: Called Strike
0-2: DOUBLE (Line Drive, 8RD)
Batting: RHB Jorge Díaz 0-0: Called Strike
0-1: Ground out 1-3 (Groundball, 15)
Batting: LHB Alberto Gómez 0-0: Ball
1-0: Ball
2-0: Foul Ball, location: 2F
2-1: Foul Ball, location: 2F
2-2: Strikes out swinging
Batting: RHB José Ramos 0-0: Ball
1-0: Ball
2-0: DOUBLE (Line Drive, 9LM)
Mel Jones scores
Pitching: RHP Chuk-yan Zhuan
Batting: LHB Pedro Ramos 0-0: Ball
1-0: Called Strike
1-1: Ball
2-1: Foul Ball, location: 2F
2-2: Foul Ball, location: 2F
2-2: Strikes out swinging
Top of the 8th over - 1 run, 2 hits, 0 errors, 1 left on base; San Jose 3 - Santa Monica 7
BOTTOM OF THE 8TH
Santa Monica Bruins batting - Pitching for San Jose Missions : RHP José Reyes
Batting: RHB John Nelson 0-0: Ball
1-0: Called Strike
1-1: Ground out 4-3 (Groundball, 4M)
Pitching: LHP Morgan O'Day
Batting: LHB Ken Phillips 0-0: Ball
1-0: Called Strike
1-1: Ball
2-1: SINGLE (Groundball, 6) (infield hit)
Pitching: RHP David Bates
Batting: LHB Ethan Shaw 0-0: Hit by Pitch
Ken Phillips to second
Batting: LHB Arthur MacDonald 0-0: Ball
1-0: Foul Ball, location: 2F
1-1: Ball
2-1: Swinging Strike
2-2: Ball
3-2: Foul Ball, location: 2F
3-2: Foul Ball, location: 2F
3-2: Foul Ball, location: 2F
3-2: Base on Balls
Ken Phillips to third
Ethan Shaw to second
Pitching: LHP Mario Galván
Batting: RHB Javier González 0-0: Called Strike
0-1: Ball
1-1: Fly out, F9 (Flyball, 89M)
Runner from 3rd tags up, OUT at HOME
Bottom of the 8th over - 0 runs, 1 hit, 0 errors, 2 left on base; San Jose 3 - Santa Monica 7
TOP OF THE 9TH
San Jose Missions batting - Pitching for Santa Monica Bruins : RHP Chuk-yan Zhuan
Batting: LHB Phil Cantrell 0-0: DOUBLE (Line Drive, 78D)
Pinch Runner at 2nd Irwin Duncan:
Batting: RHB Peter Bishop 0-0: Ball
1-0: Ball
2-0: SINGLE (Flyball, 89S)
Irwin Duncan to third
Pitching: RHP Jorge Hernández
Batting: RHB Dale Taylor 0-0: Called Strike
0-1: Ball
1-1: Ball
2-1: Hit by Pitch
Peter Bishop to second
Batting: SHB Ángel González 0-0: Ball
1-0: Called Strike
1-1: Ball
2-1: Called Strike
2-2: Ball
3-2: Strikes out swinging
Batting: LHB Mel Jones 0-0: Called Strike
0-1: Swinging Strike
0-2: SINGLE (Groundball, 4MD)
Irwin Duncan scores
Peter Bishop to third
Dale Taylor to second
Batting: RHB Jorge Díaz 0-0: Swinging Strike
0-1: Foul Ball, location: 2F
0-2: Ball
1-2: Ball
2-2: Ground out 6-3 (Groundball, 6S)
Peter Bishop scores
Dale Taylor to third
Mel Jones to second
Batting: LHB Alberto Gómez 0-0: Ball
1-0: Ball
2-0: Ball
3-0: Base on Balls
Pinch Hitting: RHB Dave Wookey 0-0: Foul Ball, location: 2F
0-1: Ball
1-1: Fielders Choice at 2nd, 6-4 (Groundball, 6)
Top of the 9th over - 2 runs, 3 hits, 0 errors, 3 left on base; San Jose 5 - Santa Monica 7
Saturday, December 16th, 2017 - OOTP Baseball 18.8 Build 76